[Event "Titled Tuesday Blitz July 26 Late 2022"]
[White "Dimitrov, Atanas"]
[Black "Suleymanli, Aydin"]
[WhiteFideId "2901315"]
[BlackFideId "13413937"]
[WhiteElo "2613"]
[BlackElo "2481"]
[Result "1-0"]
[Round "04"]
[TimeControl "180+1"]
[Date "2022.07.26"]
[WhiteClock "0:00:16"]
[BlackClock "0:00:01"]

1. Nf3 c5 2. c4 Nf6 3. Nc3 e6 4. e3 d5 5. d4 a6 6. cxd5 exd5 7. Be2 Nc6 8. O-O cxd4 9. Nxd4 Bd6 10. Bf3 O-O 11. Nxc6 bxc6 12. b3 Re8 13. Bb2 Bf5 14. Rc1 Qe7 15. Ne2 Rac8 16. Ng3 Bd7 17. Qe2 a5 18. Rfd1 a4 19. bxa4 Ra8 20. Qc2 Reb8 21. Ba1 Qe6 22. Re1 Be5 23. Bxe5 Qxe5 24. Rb1 Rxb1 25. Rxb1 h5 26. Qb3 h4 27. Ne2 g5 28. Qc3 Qd6 29. Nd4 g4 30. Be2 Ne4 31. Qc2 g3 32. fxg3 hxg3 33. h3 Qa3 34. Bd3 Nc5 35. Nb3 Nxa4 36. Bf5 Bxf5 37. Qxf5 Qe7 38. Qg4+ Kf8 39. Qxg3 Nc3 40. Re1 Rxa2 41. Nd4 Qf6 42. Rf1 Qh6 43. Nf5 1-0


[Site "https://www.chess.com"]

[Event "Titled Tuesday Blitz July 26 Late 2022"]
[White "Djordjevic, Vuk"]
[Black "Dounis, Alexandros"]
[WhiteFideId "902098"]
[BlackFideId "4213238"]
[WhiteElo "2456"]
[BlackElo "2204"]
[Result "0-1"]
[Round "04"]
[TimeControl "180+1"]
[Date "2022.07.26"]
[WhiteClock "0:00:02"]
[BlackClock "0:00:15"]

1. d4 Nf6 2. Bg5 d5 3. Bxf6 gxf6 4. e3 e5 5. c4 exd4 6. Qxd4 Nc6 7. Qxd5 Qxd5 8. cxd5 Nb4 9. Na3 Nxd5 10. O-O-O Be6 11. Nb5 a6 12. Nd4 O-O-O 13. Bc4 Bh6 14. Nxe6 fxe6 15. Nf3 Rhe8 16. a3 c6 17. Kc2 e5 18. Nh4 Ne7 19. Bf7 Rf8 20. Be6+ Kc7 21. g4 Rxd1 22. Rxd1 Rd8 23. Rxd8 Kxd8 24. Bf5 Bg5 25. Nf3 Nxf5 26. gxf5 Bh6 27. Nd2 Bf8 28. Ne4 Be7 29. h4 c5 30. Nc3 Kd7 31. Nd5 Kd6 32. e4 Bd8 33. h5 b5 34. Kd3 c4+ 35. Kc3 Kc5 36. f3 a5 37. Kc2 Kd4 0-1


[Site "https://www.chess.com"]

[Event "Titled Tuesday Blitz July 26 Late 2022"]
[White "Federzoni, Enzo"]
[Black "Rosen, Eric"]
[WhiteFideId "2173301"]
[BlackFideId "2032562"]
[WhiteElo "1949"]
[BlackElo "2362"]
[Result "1-0"]
[Round "04"]
[TimeControl "180+1"]
[Date "2022.07.27"]
[WhiteClock "0:00:04"]
[BlackClock "0:00:01"]

1. e4 e5 2. Nf3 Nf6 3. Nxe5 Nc6 4. Nxc6 dxc6 5. Nc3 Bc5 6. h3 h5 7. d3 Bd4 8. Be3 Be6 9. Qd2 h4 10. Be2 Qd6 11. f4 Bxe3 12. Qxe3 Qb4 13. O-O-O Qa5 14. a3 O-O-O 15. e5 Nd5 16. Nxd5 Qxd5 17. c4 Qa5 18. Bg4 Kb8 19. f5 Bc8 20. e6 Rhe8 21. Rhe1 g6 22. e7 Rd6 23. fxg6 Rxg6 24. Bxc8 Kxc8 25. Kb1 Re6 26. Qf2 R8xe7 27. Rxe6 fxe6 28. Qxh4 Re8 29. Qf6 Qh5 30. Re1 e5 31. Qf3 Qg5 32. Re2 a5 33. g4 a4 34. Qf5+ Qxf5 35. gxf5 Kd7 36. d4 Rf8 37. Rxe5 Rh8 38. d5 Rxh3 39. dxc6+ bxc6 40. Kc2 Rf3 41. c5 Kc8 42. Kd2 Kd7 43. Kc2 Kd8 44. Re6 Kd7 45. Rf6 1-0


[Site "https://www.chess.com"]

[Event "Titled Tuesday Blitz July 26 Late 2022"]
[White "Fedoseev, Vladimir"]
[Black "Drygalov, Andrey"]
[WhiteFideId "24130737"]
[BlackFideId "24171735"]
[WhiteElo "2726"]
[BlackElo "2531"]
[Result "1-0"]
[Round "04"]
[TimeControl "180+1"]
[Date "2022.07.26"]
[WhiteClock "0:00:10"]
[BlackClock "0:00:01"]

1. d4 Nf6 2. c4 e6 3. Nf3 d5 4. Nc3 c6 5. Bg5 h6 6. Bxf6 Qxf6 7. g3 Nd7 8. Qd3 dxc4 9. Qxc4 e5 10. dxe5 Nxe5 11. Nxe5 Qxe5 12. Bg2 Qc5 13. Qe4+ Be7 14. O-O Bf5 15. Qf4 O-O 16. Nd5 Bc2 17. Nxe7+ Qxe7 18. Rac1 Bg6 19. Bf3 a5 20. Rc4 f6 21. Rfc1 Bf7 22. Re4 Qd7 23. Rd4 Qe7 24. a3 Rad8 25. Rcd1 Rxd4 26. Qxd4 Re8 27. e3 Qe5 28. Qxe5 Rxe5 29. Rd8+ Re8 30. Rd7 Rb8 31. Bg4 c5 32. Rc7 c4 33. Be2 b5 34. Rc5 Kf8 35. f4 Ke7 36. Rc7+ Kf8 37. Kf2 b4 38. Bxc4 Bxc4 39. Rxc4 bxa3 40. bxa3 Rb2+ 41. Kf3 Rb3 42. Ra4 Rb5 43. g4 Ke7 44. f5 Kd6 45. Rd4+ Ke7 46. Re4+ Kd6 47. Re6+ Kd7 48. Ra6 Ke7 49. Ra7+ Kf8 50. Kf4 Rc5 51. h4 Kg8 52. e4 Rb5 53. g5 hxg5+ 54. hxg5 fxg5+ 55. Kxg5 Kf8 56. Kf4 Rc5 57. e5 Rc4+ 58. Kg5 Rc3 59. Rxa5 Rg3+ 60. Kf4 Rg1 61. Ra8+ Kf7 62. Ra7+ Kf8 63. a4 Rf1+ 64. Ke4 Rd1 65. a5 Kg8 66. a6 Ra1 67. Kd5 Rb1 68. Kd6 Rd1+ 69. Ke6 Rb1 70. Ra8+ Kh7 71. f6 gxf6 72. exf6 Re1+ 73. Kf7 Ra1 74. a7 Ra2 75. Ke7 Re2+ 76. Kd6 Rd2+ 77. Ke5 Re2+ 78. Kd4 Rf2 79. Rh8+ 1-0


[Site "https://www.chess.com"]

[Event "Titled Tuesday Blitz July 26 Late 2022"]
[White "Fieberg, Samuel"]
[Black "Tatarinov, Dmitry"]
[WhiteFideId "12901717"]
[BlackFideId "24160067"]
[WhiteElo "2425"]
[BlackElo "2302"]
[Result "0-1"]
[Round "04"]
[TimeControl "180+1"]
[Date "2022.07.27"]
[WhiteClock "0:00:09"]
[BlackClock "0:01:35"]

1. d4 d5 2. Nc3 Nf6 3. Bf4 a6 4. e3 b5 5. a4 b4 6. Na2 e6 7. g4 c5 8. g5 Nfd7 9. Nf3 Nc6 10. h4 c4 11. c3 b3 12. Nc1 Bb7 13. Ne2 Qa5 14. Ng3 O-O-O 15. Bg2 Re8 16. Ne5 Ndxe5 17. Bxe5 Qd8 18. Bf4 f6 19. gxf6 gxf6 20. Qh5 e5 21. dxe5 fxe5 22. Bg5 Be7 23. O-O-O d4 24. exd4 exd4 25. Bxe7 Qxe7 26. Nf5 Qe2 27. Qxe2 Rxe2 28. Bxc6 Rc2+ 29. Kb1 Bxc6 30. Nxd4 Bxh1 31. Rxh1 Rxf2 32. Nc6 Rhf8 33. Na5 Rf1+ 0-1


[Site "https://www.chess.com"]

[Event "Titled Tuesday Blitz July 26 Late 2022"]
[White "Gallana, Marco"]
[Black "Weetik, Vjacheslav"]
[WhiteFideId "824542"]
[BlackFideId "4153472"]
[WhiteElo "2290"]
[BlackElo "2469"]
[Result "0-1"]
[Round "04"]
[TimeControl "180+1"]
[Date "2022.07.26"]
[WhiteClock "0:00:01"]
[BlackClock "0:00:05"]

1. d4 Nf6 2. c4 g6 3. Nc3 Bg7 4. e4 d6 5. Be2 O-O 6. Nf3 e5 7. O-O Nc6 8. d5 Ne7 9. Kh1 c5 10. Ng1 Ne8 11. f4 f5 12. fxe5 dxe5 13. Nf3 Nd6 14. Ng5 Kh8 15. Be3 b6 16. b3 h6 17. Ne6 Bxe6 18. dxe6 fxe4 19. Qd2 Nef5 20. Rad1 Kh7 21. Nd5 Nd4 22. e7 Rxf1+ 23. Rxf1 Qd7 24. Bd1 Re8 25. Qf2 Rxe7 26. Bxh6 Rf7 27. Qe1 Rxf1+ 28. Qxf1 Kxh6 29. Qe1 Kh7 30. Qh4+ Kg8 31. Ne7+ Kf7 32. Nxg6 Qf5 33. Qe7+ Kxg6 34. Qxd6+ Bf6 35. Kg1 e3 36. Qc7 Qf2+ 0-1


[Site "https://www.chess.com"]

[Event "Titled Tuesday Blitz July 26 Late 2022"]
[White "Golubenko, Valentina"]
[Black "Rios Escobar, Adan"]
[WhiteFideId "4501993"]
[BlackFideId "3403645"]
[WhiteElo "2164"]
[BlackElo "2405"]
[Result "1-0"]
[Round "04"]
[TimeControl "180+1"]
[Date "2022.07.27"]
[WhiteClock "0:00:14"]
[BlackClock "0:00:09"]

1. d4 Nf6 2. c4 g6 3. g3 c5 4. d5 b5 5. Bg2 d6 6. Nd2 b4 7. Ngf3 Bg7 8. e4 Ng4 9. O-O O-O 10. h3 Ne5 11. Nxe5 Bxe5 12. f4 Bd4+ 13. Kh2 Nd7 14. Nf3 Bg7 15. Qe2 a5 16. e5 a4 17. a3 Nb6 18. Be3 Ba6 19. Nd2 Qc7 20. axb4 cxb4 21. Bxb6 Qxb6 22. Rxa4 dxe5 23. fxe5 Rac8 24. b3 h5 25. h4 Bb7 26. Nf3 e6 27. Qd2 exd5 28. Rxb4 Qc7 29. cxd5 Ba6 30. Re1 Rfd8 31. d6 Qc2 32. Rd1 Be2 33. Qxc2 Rxc2 34. Rd2 Rxd2 35. Nxd2 Bxe5 36. Re4 Bxg3+ 37. Kxg3 Bd3 38. Rd4 Bc2 39. b4 Ba4 40. Nc4 Kg7 41. Nb6 Bb5 42. d7 Kf6 43. Kf4 Ke7 44. Bh3 f6 45. Nd5+ Kf7 46. Nc7 Ba4 47. b5 Bb3 48. b6 f5 49. b7 Be6 50. Nxe6 Kxe6 51. Bg2 Ke7 52. Kg5 Rb8 53. Bc6 Kd8 54. Kxg6 f4 55. Rxf4 Kc7 56. Rf7 Rd8 57. Kxh5 Kxc6 58. Kg6 Kxb7 59. h5 Kc7 60. h6 Rh8 61. h7 Kd8 62. Kg7 Rxh7+ 63. Kxh7 Kc7 64. Kg7 Kd8 65. Kf8 Kc7 66. Ke7 Kb7 67. d8=Q Kc6 68. Qd7+ Kb6 69. Rf6+ Kc5 70. Qd6+ Kb5 71. Rf5+ Kc4 72. Qd5+ Kb4 73. Rf4+ Kc3 74. Qd4+ Kc2 75. Rf2+ Kb1 76. Qb2# 1-0


[Site "https://www.chess.com"]

[Event "Titled Tuesday Blitz July 26 Late 2022"]
[White "Goncalves, Davi Sulzbacher"]
[Black "Rego, Pedro Filipe"]
[WhiteFideId "2154510"]
[BlackFideId "1904310"]
[WhiteElo "2107"]
[BlackElo "2125"]
[Result "1-0"]
[Round "04"]
[TimeControl "180+1"]
[Date "2022.07.27"]
[WhiteClock "0:00:41"]
[BlackClock "0:00:09"]

1. d4 Nf6 2. Nf3 e6 3. Bg5 d5 4. e3 c5 5. c3 Be7 6. Nbd2 O-O 7. Bd3 b6 8. Ne5 h6 9. Bh4 Nfd7 10. Bg3 Nxe5 11. Bxe5 Nc6 12. Bg3 Bd6 13. Nf3 Qc7 14. O-O Bxg3 15. hxg3 e5 16. e4 dxe4 17. Bxe4 Ba6 18. Bxc6 Qxc6 19. Nxe5 Qd5 20. Re1 cxd4 21. Qxd4 Qxd4 22. cxd4 Rfd8 23. Nc6 Rd6 24. Rac1 Bb5 25. Ne7+ Kf8 26. Nf5 Rd5 27. Re5 Rad8 28. Rxd5 Rxd5 29. Rc8+ Be8 30. Nxg7 Kxg7 31. Rxe8 Rxd4 32. Re7 Rd1+ 33. Kh2 Rd2 34. f4 Rxb2 35. Rxa7 h5 36. Ra6 f6 37. Kh3 Kg6 38. a4 Kf5 39. a5 bxa5 40. Rxa5+ Kg6 41. Rc5 Rf2 42. Rc8 Rb2 43. Rg8+ Kh7 44. Rd8 Kg6 45. Rd5 Rf2 46. Ra5 Rb2 47. Ra3 Rf2 48. Rf3 Rb2 49. Kh2 Rb1 50. Ra3 Rb2 51. Ra5 Rf2 52. Kg1 Rb2 53. Kf1 Rc2 54. Ra8 Kf5 55. Rh8 Kg4 56. Rg8+ Kf5 57. Kg1 Rd2 58. Kh2 Rf2 59. Kh3 Rb2 60. g4+ hxg4+ 61. Rxg4 Rb1 62. Rg8 Kxf4 63. Kh2 f5 64. Rh8 Rc1 65. Rh4+ Kg5 66. Ra4 Rc3 67. Kg1 f4 68. Kf2 Kg4 69. Ra8 Rc2+ 70. Kg1 Kf5 71. Rg8 Ke4 72. Re8+ Kd3 73. Kf1 Rc1+ 74. Kf2 Rc2+ 75. Kf3 Kd4 76. Re4+ Kd5 77. Rxf4 Rc3+ 78. Kg4 Ke5 79. Rf1 Rc4+ 80. Kg5 Rc2 81. Re1+ Kd6 82. g4 Rg2 83. Kf5 Rf2+ 84. Kg6 Rg2 85. g5 Rf2 86. Kg7 Rh2 87. g6 Rf2 88. Kh7 Rh2+ 89. Kg8 Rg2 90. g7 Rf2 91. Re4 Kd5 92. Re8 Kd6 93. Kh7 Rh2+ 94. Kg6 Rg2+ 95. Kf7 Rf2+ 96. Kg8 Kd7 97. Re4 Kd6 98. Kh7 Rh2+ 99. Kg6 Rg2+ 100. Kh6 Rh2+ 101. Kg5 Re2 102. Rxe2 1-0


[Site "https://www.chess.com"]

[Event "Titled Tuesday Blitz July 26 Late 2022"]
[White "Grigoriants, Sergey"]
[Black "Fishbein, Alexander"]
[WhiteFideId "4130804"]
[BlackFideId "2000377"]
[WhiteElo "2502"]
[BlackElo "2410"]
[Result "1/2-1/2"]
[Round "04"]
[TimeControl "180+1"]
[Date "2022.07.26"]
[WhiteClock "0:00:03"]
[BlackClock "0:00:04"]

1. e4 c5 2. Nf3 d6 3. d4 cxd4 4. Nxd4 Nf6 5. Nc3 Nc6 6. Bg5 e6 7. Qd2 Be7 8. O-O-O O-O 9. f4 h6 10. Bh4 Qb6 11. Bf2 Qc7 12. Be2 e5 13. Nf5 Bxf5 14. exf5 d5 15. Kb1 Rad8 16. fxe5 Qxe5 17. Bd3 Ne4 18. Qe1 Nxc3+ 19. Qxc3 Qxc3 20. bxc3 Bf6 21. Kb2 Rd6 22. Bc5 Rfd8 23. Bxd6 Rxd6 24. Bc4 Ne7 25. Bb3 Nxf5 26. Rxd5 Rxd5 27. Bxd5 b6 28. Kb3 Kf8 29. Re1 g6 30. Bc4 Nd6 31. Bd3 Kg7 32. c4 Nb7 33. Re8 a6 34. Rb8 Nc5+ 35. Kb4 Be7 36. Kc3 Bd6 37. Rc8 Bxh2 38. Kd4 h5 39. Rc6 Bg1+ 40. Kd5 Ne6 41. Bf1 h4 42. Rxe6 fxe6+ 43. Kxe6 Kh6 44. Kf6 Bd4+ 45. Ke6 Kg5 46. c5 Bxc5 47. Bxa6 Kf4 48. Bd3 g5 49. Kd5 g4 50. Kc4 Kg3 51. Be4 Kf4 52. Bc6 h3 53. gxh3 gxh3 54. a4 Bg1 55. Kb5 Kg3 56. c4 Kf4 57. a5 bxa5 58. Kxa5 Kg5 59. Kb5 1/2-1/2


[Site "https://www.chess.com"]

[Event "Titled Tuesday Blitz July 26 Late 2022"]
[White "Haitin, Ilja"]
[Black "Nazaretyan, Tigran"]
[WhiteFideId "4501764"]
[BlackFideId "24162345"]
[WhiteElo "2209"]
[BlackElo "2179"]
[Result "1-0"]
[Round "04"]
[TimeControl "180+1"]
[Date "2022.07.27"]
[WhiteClock "0:00:11"]
[BlackClock "0:00:14"]

1. d4 Nf6 2. Nf3 g6 3. Bg5 Bg7 4. Nbd2 d5 5. e3 c5 6. c3 Nbd7 7. Bd3 b6 8. O-O Bb7 9. a4 a5 10. Qb1 O-O 11. b4 axb4 12. cxb4 c4 13. Bc2 h6 14. Bh4 g5 15. Bg3 Nh5 16. e4 Nxg3 17. hxg3 g4 18. Nh4 Bxd4 19. exd5 Bxd5 20. Be4 Nf6 21. Bxd5 Qxd5 22. Ra2 e6 23. Rc2 Rac8 24. a5 b5 25. Rd1 Rfd8 26. Qc1 c3 27. Nf1 Ne4 28. Rxd4 Qxd4 29. Qxh6 Nxf2 30. Kh2 Ne4 31. Ne3 Qg7 32. Qf4 f5 33. a6 Rd2 34. Rc1 Ra2 35. Nexf5 exf5 36. Nxf5 Qh7+ 37. Kg1 Qa7+ 38. Kh2 Rc7 39. Qxe4 Rh7+ 40. Nh4 Qc7 41. Qxg4+ Rg7 42. Qe6+ Qf7 43. Qxf7+ Rxf7 44. Rxc3 Rxa6 45. Rc5 Rb7 46. Nf3 Ra4 47. Rg5+ Kf7 48. Rg4 Rc7 49. Rf4+ Ke6 50. Nd4+ Ke5 51. Nxb5 Rh7+ 52. Rh4 Ra1 53. Rxh7 Rb1 54. Rh5+ Kf6 55. Rh4 Kg5 56. Nc3 Rb3 57. Ne2 Rb2 58. Ng1 Kf5 59. Nf3 Ke6 60. Rf4 Kd5 61. g4 Kc6 62. Kg3 Kb5 63. Re4 Re2 64. Rxe2 Kxb4 65. Re4+ Kc5 66. Rf4 Kd5 67. g5 Ke6 68. g6 Ke7 69. g7 1-0


[Site "https://www.chess.com"]

[Event "Titled Tuesday Blitz July 26 Late 2022"]
[White "Havanecz, Bianka"]
[Black "Jin, Ashton"]
[WhiteFideId "704814"]
[BlackFideId "30931908"]
[WhiteElo "2303"]
[BlackElo "2483"]
[Result "0-1"]
[Round "04"]
[TimeControl "180+1"]
[Date "2022.07.27"]
[WhiteClock "0:00:07"]
[BlackClock "0:00:03"]

1. d4 Nf6 2. c4 g6 3. Nc3 d5 4. e4 dxe4 5. Nge2 Bg7 6. h3 O-O 7. Be3 c5 8. d5 Nbd7 9. Ng3 a6 10. a4 Qa5 11. Qc2 b5 12. Bd2 Qc7 13. axb5 Ne5 14. Ncxe4 Nxe4 15. Qxe4 Bb7 16. bxa6 Rxa6 17. Rxa6 Bxa6 18. Be2 Rb8 19. Bc3 Nd7 20. Qc2 Bxc3+ 21. Qxc3 Qe5 22. O-O Rxb2 23. Qa5 Rb6 24. Bg4 f5 25. Re1 Qd6 26. Be2 Ne5 27. Qc3 Rb4 28. Ra1 Bxc4 29. Ra8+ Kf7 30. Bxc4 Rxc4 31. Qa3 Qxd5 32. Ne2 Qd1+ 33. Kh2 Qxe2 34. Qg3 f4 35. Qh4 h5 36. Qg5 Nf3+ 37. gxf3 Qxf2+ 38. Qg2 Qxg2+ 39. Kxg2 Rc2+ 40. Kf1 Ke6 41. Rg8 Kf7 42. Rc8 Rh2 43. Rxc5 Rxh3 44. Kg2 Rg3+ 45. Kf2 Kf6 46. Rc6+ e6 47. Rc4 g5 48. Rc8 h4 49. Rf8+ Ke5 50. Rh8 h3 51. Rh6 Rg2+ 52. Kf1 Rg3 53. Kf2 Kf5 54. Rh8 Rg2+ 55. Kf1 g4 56. fxg4+ Kxg4 57. Rg8+ Kf3 58. Rh8 h2 59. Rh3+ Rg3 60. Rxh2 e5 61. Ra2 e4 62. Rf2+ Kg4 63. Re2 e3 64. Ra2 Rh3 65. Kg1 Kf3 66. Rg2 Rg3 67. Rxg3+ fxg3 68. Kf1 g2+ 69. Kg1 e2 70. Kh2 g1=Q+ 71. Kh3 Qg3# 0-1


[Site "https://www.chess.com"]

[Event "Titled Tuesday Blitz July 26 Late 2022"]
[White "Holt, Conrad"]
[Black "Grischuk, Alexander"]
[WhiteFideId "2034387"]
[BlackFideId "4126025"]
[WhiteElo "2586"]
[BlackElo "2762"]
[Result "0-1"]
[Round "04"]
[TimeControl "180+1"]
[Date "2022.07.26"]
[WhiteClock "0:00:17"]
[BlackClock "0:00:22"]

1. d4 Nf6 2. c4 e6 3. Nc3 Bb4 4. Qc2 d6 5. e4 Nc6 6. Nf3 e5 7. d5 Bxc3+ 8. Qxc3 Ne7 9. Bd3 Ng6 10. O-O Bg4 11. Bc2 O-O 12. h3 Bd7 13. c5 Qe7 14. Be3 Nh5 15. Bg5 f6 16. Be3 Nhf4 17. Kh2 f5 18. Qb3 b6 19. c6 fxe4 20. Bxe4 Bf5 21. Nd2 Qh4 22. Bxf5 Rxf5 23. Qc4 Raf8 24. Rad1 Qh5 25. Ne4 Nh4 26. Bxf4 Rxf4 27. f3 Nxf3+ 28. gxf3 Rxf3 29. Ng3 Rf2+ 30. Kg1 Qf3 31. Rxf2 Qxf2+ 32. Kh1 Qf3+ 33. Kh2 Qxd1 0-1


[Site "https://www.chess.com"]

[Event "Titled Tuesday Blitz July 26 Late 2022"]
[White "Horcajuelo Rocamora, Martin"]
[Black "Koellner, Ruben Gideon"]
[WhiteFideId "24573027"]
[BlackFideId "12993093"]
[WhiteElo "1882"]
[BlackElo "2532"]
[Result "1/2-1/2"]
[Round "04"]
[TimeControl "180+1"]
[Date "2022.07.27"]
[WhiteClock "0:00:09"]
[BlackClock "0:00:04"]

1. e4 d6 2. d4 Nf6 3. Nc3 e5 4. Nf3 Nbd7 5. Bc4 Be7 6. O-O c6 7. a4 h6 8. Re1 Qc7 9. Ba2 Nf8 10. Qe2 Ng6 11. Be3 O-O 12. h3 Nh5 13. dxe5 dxe5 14. Rad1 Nhf4 15. Qf1 Be6 16. Bxe6 Nxe6 17. g3 Bb4 18. Qc4 Be7 19. h4 Rfd8 20. Kg2 b6 21. Ne2 Rxd1 22. Rxd1 a6 23. Nc3 b5 24. axb5 axb5 25. Qb3 Rd8 26. Rxd8+ Bxd8 27. Qa2 h5 28. Qa8 Kh7 29. Na2 Qa5 30. Qxa5 Bxa5 31. b4 Bc7 32. c3 f6 33. Nc1 Kg8 34. Nb3 Kf7 35. Ne1 Ke8 36. Nd3 Ngf8 37. Kf3 Nd7 38. Na5 Bxa5 39. bxa5 Kd8 40. a6 Kc7 41. Nb4 Nec5 42. Bxc5 Nxc5 43. a7 Kb7 44. Nxc6 Na4 45. Nd8+ Kxa7 46. Ne6 g6 47. Ke3 Nxc3 48. Nf8 b4 49. Kd3 Nd1 50. f3 b3 51. Nxg6 Kb6 52. g4 hxg4 53. fxg4 Nf2+ 54. Kc3 Nxe4+ 55. Kxb3 Kc5 56. h5 Ng5 57. Kc3 Kd5 58. Kd3 Ke6 59. Ke3 f5 60. Nf8+ Kf6 61. gxf5 Kxf5 62. h6 Kf6 63. h7 Kg7 64. Ne6+ Kxh7 65. Nxg5+ Kg6 66. Nf3 Kf6 67. Nxe5 1/2-1/2


[Site "https://www.chess.com"]

[Event "Titled Tuesday Blitz July 26 Late 2022"]
[White "Howell, David W L"]
[Black "Katz, Alexander"]
[WhiteFideId "410608"]
[BlackFideId "2039796"]
[WhiteElo "2559"]
[BlackElo "2386"]
[Result "0-1"]
[Round "04"]
[TimeControl "180+1"]
[Date "2022.07.26"]
[WhiteClock "0:00:02"]
[BlackClock "0:00:02"]

1. e4 c6 2. Bc4 d5 3. Bb3 e6 4. d3 Nf6 5. Qe2 Be7 6. Nf3 O-O 7. O-O Nbd7 8. Re1 a5 9. c3 b6 10. Nbd2 Ba6 11. e5 Ne8 12. Nf1 c5 13. Ng3 c4 14. dxc4 a4 15. Bxa4 Bxc4 16. Qd1 Nc5 17. Bc2 Rxa2 18. Rxa2 Bxa2 19. b3 Nc7 20. Nd4 Qd7 21. Qe2 Ra8 22. Bd2 Ra3 23. Bc1 Ra8 24. Nh5 g6 25. Nf6+ Bxf6 26. exf6 Ne8 27. Bg5 Nd6 28. f3 b5 29. Bh4 b4 30. cxb4 Na6 31. Qd2 Qc8 32. Bg3 Ne8 33. Be5 Qb7 34. b5 Nc5 35. Nc6 Nd7 36. Qh6 Nexf6 37. Ne7+ Kh8 38. Bd4 e5 39. Rxe5 Nxe5 40. Bxe5 Qb6+ 41. Kh1 Bxb3 42. Bxb3 Qe6 43. Qg5 Kg7 44. Bxd5 Ra1+ 45. Bxa1 Qe1# 0-1


[Site "https://www.chess.com"]

[Event "Titled Tuesday Blitz July 26 Late 2022"]
[White "Ismagilov, Damir"]
[Black "Karas, Marek"]
[WhiteFideId "34199982"]
[BlackFideId "14928558"]
[WhiteElo "2138"]
[BlackElo "2250"]
[Result "1-0"]
[Round "04"]
[TimeControl "180+1"]
[Date "2022.07.27"]
[WhiteClock "0:01:12"]
[BlackClock "0:00:06"]

1. d4 Nf6 2. Nf3 e6 3. Bg5 c5 4. d5 h6 5. Bxf6 Qxf6 6. Nc3 d6 7. e4 a6 8. a4 e5 9. Be2 g6 10. O-O Bg7 11. Nd2 Qd8 12. Nc4 O-O 13. a5 Qc7 14. Nb6 Ra7 15. Qd2 Nd7 16. Nc4 f5 17. f3 f4 18. Kh1 g5 19. Rg1 Nf6 20. g4 fxg3 21. hxg3 Ne8 22. Nd1 Qf7 23. g4 Qf4 24. Qxf4 exf4 25. Nf2 Bd4 26. Kg2 Bd7 27. Rh1 Kg7 28. c3 Bxf2 29. Kxf2 Bb5 30. Nb6 Bxe2 31. Kxe2 Nf6 32. b4 cxb4 33. cxb4 Rf7 34. Rac1 Nd7 35. Nc8 Ra8 36. Nxd6 Rff8 37. Nf5+ Rxf5 38. gxf5 1-0


[Site "https://www.chess.com"]

[Event "Titled Tuesday Blitz July 26 Late 2022"]
[White "Janaszak, Dawid"]
[Black "Livaic, Leon"]
[WhiteFideId "1119206"]
[BlackFideId "14531534"]
[WhiteElo "2199"]
[BlackElo "2540"]
[Result "0-1"]
[Round "04"]
[TimeControl "180+1"]
[Date "2022.07.26"]
[WhiteClock "0:00:07"]
[BlackClock "0:01:22"]

1. d4 e6 2. Bf4 Nf6 3. Nf3 b6 4. a4 a6 5. a5 b5 6. h3 Bb7 7. e3 d5 8. Nbd2 c5 9. dxc5 Bxc5 10. Bd3 Nc6 11. e4 h6 12. Qe2 O-O 13. e5 Nd7 14. Nb3 Ba7 15. O-O f6 16. Bh2 fxe5 17. Nxe5 Ndxe5 18. Bxe5 Nxe5 19. Qxe5 Qf6 20. Qxf6 gxf6 21. c3 e5 22. Bf5 Kf7 23. Rad1 Rfd8 24. Kh2 Bc8 25. Bxc8 Raxc8 26. Rd2 Ke6 27. Rfd1 Rc4 28. g3 b4 29. cxb4 Rxb4 30. Nc1 Rb5 31. Nd3 Rxa5 32. Nb4 Rd6 33. Rc2 Rc5 34. Rdc1 Rxc2 35. Rxc2 d4 36. Kg2 d3 37. Rd2 e4 38. f3 a5 39. Na2 e3 40. Rd1 e2 0-1


[Site "https://www.chess.com"]

[Event "Titled Tuesday Blitz July 26 Late 2022"]
[White "Kopczynski, Michal"]
[Black "Leitao, Rafael"]
[WhiteFideId "1124200"]
[BlackFideId "2101246"]
[WhiteElo "2235"]
[BlackElo "2609"]
[Result "0-1"]
[Round "04"]
[TimeControl "180+1"]
[Date "2022.07.27"]
[WhiteClock "0:00:04"]
[BlackClock "0:00:13"]

1. e4 c5 2. d4 cxd4 3. c3 dxc3 4. Nxc3 e6 5. f4 a6 6. Nf3 Nc6 7. Bd3 d6 8. O-O Nf6 9. Kh1 Be7 10. Qe1 O-O 11. Be3 Nb4 12. Bb1 b5 13. a3 Nc6 14. Qg3 e5 15. f5 Kh8 16. Ba2 b4 17. axb4 Nxb4 18. Bb3 h6 19. Qh3 Nh7 20. Rad1 Qe8 21. Bxh6 gxh6 22. Qxh6 Rg8 23. h4 Qf8 24. Qxf8 Rxf8 25. g4 f6 26. Rg1 Bb7 27. g5 fxg5 28. hxg5 Rxf5 29. exf5 Bxf3+ 30. Kh2 Bxd1 31. Nxd1 Nxg5 32. Rg4 Nd3 33. Ne3 Rb8 34. Bc2 Rxb2 35. Kg3 Nf4 36. f6 Bxf6 37. Rh4+ Kg8 38. Bf5 Rb3 39. Kf2 d5 40. Ng4 Bg7 41. Rh1 Rb2+ 42. Kg1 Nf3+ 43. Kf1 e4 0-1


[Site "https://www.chess.com"]

[Event "Titled Tuesday Blitz July 26 Late 2022"]
[White "Korchmar, Vasiliy"]
[Black "Bortnyk, Olexandr"]
[WhiteFideId "24131750"]
[BlackFideId "14120828"]
[WhiteElo "2370"]
[BlackElo "2723"]
[Result "1-0"]
[Round "04"]
[TimeControl "180+1"]
[Date "2022.07.26"]
[WhiteClock "0:00:40"]
[BlackClock "0:01:03"]

1. e4 d6 2. d4 Nf6 3. Nc3 Nbd7 4. Nf3 e5 5. Bc4 Be7 6. O-O c6 7. a4 h6 8. Re1 Qc7 9. Be3 Ng4 10. Bc1 Ngf6 11. Ba2 g5 12. Qd3 Nf8 13. Ne2 Ng6 14. Ng3 Nf4 15. Qc3 Kf8 16. dxe5 dxe5 17. Nxe5 Rh7 18. Bxf4 gxf4 19. Nf5 Nxe4 20. Rxe4 Bxf5 21. Rxf4 Qc8 22. Nxf7 Ke8 23. Re1 Qd7 24. Rxf5 Rd8 25. Rfe5 Rxf7 26. Bxf7+ Kf8 27. Qf3 Bd6 28. Be8+ 1-0


[Site "https://www.chess.com"]

[Event "Titled Tuesday Blitz July 26 Late 2022"]
[White "Kozin, Yuri"]
[Black "Ernst, Sipke"]
[WhiteFideId "4129920"]
[BlackFideId "1004689"]
[WhiteElo "2532"]
[BlackElo "2436"]
[Result "0-1"]
[Round "04"]
[TimeControl "180+1"]
[Date "2022.07.26"]
[WhiteClock "0:00:06"]
[BlackClock "0:01:04"]

1. e4 e5 2. Nf3 Nc6 3. Bb5 Nf6 4. d3 Bc5 5. O-O d6 6. Be3 Bb6 7. Nc3 Bg4 8. h3 Bh5 9. a4 O-O 10. Bxc6 bxc6 11. a5 Bd4 12. Bxd4 exd4 13. Nb1 Rb8 14. b3 Nd7 15. Nbd2 c5 16. Qe1 Re8 17. Nh2 f5 18. f3 f4 19. Nc4 Qg5 20. c3 Rxb3 21. cxd4 cxd4 22. Rb1 Reb8 23. Rxb3 Rxb3 24. Qd1 Nc5 25. a6 Bf7 26. Na5 Rxd3 27. Qb1 h5 28. Qb8+ Kh7 29. Qxc7 Rd2 30. Rf2 Rxf2 31. Kxf2 Qg3+ 32. Kg1 Be6 33. Qxd6 Bxh3 0-1


[Site "https://www.chess.com"]

[Event "Titled Tuesday Blitz July 26 Late 2022"]
[White "Krastev, Alexander"]
[Black "Rose, Felix"]
[WhiteFideId "12989983"]
[BlackFideId "5105722"]
[WhiteElo "2440"]
[BlackElo "2039"]
[Result "1-0"]
[Round "04"]
[TimeControl "180+1"]
[Date "2022.07.27"]
[WhiteClock "0:00:03"]
[BlackClock "0:00:18"]

1. a3 d5 2. Nf3 Nf6 3. g3 e6 4. Bg2 c5 5. O-O Nc6 6. c4 dxc4 7. Qa4 Be7 8. Ne5 Bd7 9. Nxc6 Bxc6 10. Bxc6+ bxc6 11. Qxc6+ Nd7 12. Qa4 h5 13. Nc3 h4 14. Qxc4 Rb8 15. d3 Qb6 16. Be3 Qc6 17. Qe4 Qxe4 18. dxe4 Rxb2 19. Rab1 Rb6 20. Rfd1 hxg3 21. hxg3 Nf6 22. Na4 Rxb1 23. Rxb1 O-O 24. Nxc5 Rc8 25. Rb5 Ng4 26. Nd3 Nxe3 27. fxe3 Bxa3 28. Ra5 Bd6 29. Kf2 Bb8 30. Ra6 Kf8 31. Kf3 Ke7 32. Nb4 Kd7 33. Ra1 Rc4 34. Nd3 f6 35. Rh1 Rc7 36. Rh7 Kc6 37. Rh8 Kb7 38. Rg8 a5 39. e5 f5 40. Re8 Rc6 41. Re7+ Rc7 42. Rxe6 a4 43. Rd6 Rc3 44. Rd4 a3 45. Rb4+ Ka6 46. Rxb8 Ka7 47. Rb4 Ka6 48. Ra4+ Kb5 49. Ra8 Kc4 50. e6 Kb3 51. e7 Rxd3 52. exd3 Ka2 53. e8=Q g5 54. Qe6+ Ka1 55. Qb3 a2 56. Rxa2# 1-0


[Site "https://www.chess.com"]